 Dungeon Crawl Stone Soup version 0.29.0-4-gdea44cf6ec (webtiles) character file.

Game seed: 16527245059076732115

12348 qw the Cleaver (level 11, -1/57 HPs)
             Began as a Gargoyle Delver on Sept 10, 2022.
             Slain by a blizzard demon (6 damage)
             ... on level 2 of the Abyss.
             The game lasted 00:03:27 (11980 turns).

qw the Cleaver (Gargoyle Delver)                   Turns: 11980, Time: 00:03:27

Health: -1/57      AC: 24    Str: 20    XL:     11   Next: 91%
Magic:  7/7        EV:  9    Int:  9    God:
Gold:   329        SH:  0    Dex: 15    Spells: 10/10 levels left

rFire   + . .      SeeInvis +   n - +14 obsidian axe {vorpal, Mesm Drain Fly SInv}
rCold   . . .      Faith    .   (no shield)
rNeg    + + .      Spirit   .   x - +3 chain mail {rN+}
rPois   inf        Reflect  .   (no helmet)
rElec   +          Harm     .   d - +0 cloak
rCorr   .          Rampage  .   (no gloves)
Will    .....                   b - +0 pair of boots
Stlth   ..........              c - amulet of the acrobat
HPRegen 0.19/turn               h - ring of protection from fire
MPRegen 0.10/turn               t - +6 ring of dexterity

@: flying, mesmerised, unable to drink
A: sickness immunity, AC +8, negative energy resistance 1, electricity
resistance, torment resistance 1, petrification resistance, dopey 1, [clumsy 1],
[frail 2], [low MP 3], [inability to drink after injury 1]
a: no special abilities


You were on level 2 of the Abyss.
You visited 1 branch of the dungeon, and saw 11 of its levels.
You visited the Abyss 1 time.

You collected 494 gold pieces.
You spent 165 gold pieces at shops.


Innate Abilities, Weirdness & Mutations

You are immune to sickness and miasma.
Your stone body is resilient. (AC +8)
You are immune to poison.
You resist negative energy. (rN+)
You are resistant to electric shocks. (rElec)
You are resistant to unholy torment.
You are immune to petrification.
You are dopey. (Int -2)
[You are clumsy. (Dex -2)]
[You are very frail. (-20% HP)]
[Your magical capacity is extremely low. (-30% MP)]
[You occasionally lose the ability to drink potions when taking damage.]


   Skills:
 - Level 10.0 Fighting
 - Level 13.0 Axes
 - Level 4.1 Throwing
 + Level 7.4 Armour
 - Level 3.0 Dodging
 - Level 5.4 Stealth


You had 10 spell levels left.
You didn't know any spells.
Your spell library was empty.

Inventory:

Hand Weapons
 m - a +3 flail
 n - the +14 obsidian axe (weapon) {vorpal, Mesm Drain Fly SInv}
   (You acquired it on level 2 of the Dungeon)

   It inflicts extra damage upon your enemies.
   It occasionally summons demons to assist the wielder when it strikes in
   combat.
   Its wielder is mesmerised by any visible foes.
   It cannot be unequipped while any foes are visible.
   SInv:      It lets you see invisible.
   Fly:       It grants you flight.
   Drain:     It drains your maximum health when unequipped.
Missiles
 v - 2 boomerangs
 w - 5 javelins (quivered)
Armour
 b - a +0 pair of boots (worn)
 d - a +0 cloak (worn)
 x - a +3 chain mail of positive energy (worn)
Jewellery
 a - an amulet of guardian spirit
 c - an amulet of the acrobat (around neck)
 h - a ring of protection from fire (left hand)
 l - a +6 ring of intelligence
 q - a ring of see invisible
 r - a ring of resist corrosion
 t - a +6 ring of dexterity (right hand)
Wands
 g - a wand of digging (3)
Scrolls
 i - 2 scrolls of identify
 k - 3 scrolls of enchant weapon
 p - 2 scrolls of teleportation
Potions
 e - a potion of cancellation
 f - 3 potions of haste
 j - 2 potions of heal wounds
 u - a potion of curing

Dungeon Overview and Level Annotations

Branches:
Dungeon (11/15)            Temple (0/1) D:7            Lair (0/5) D:10
    Orc (0/2) D:10

Altars:
Cheibriados
Dithmenos
Elyvilon
Gozag
Kikubaaqudgha
Makhleb
Nemelex Xobeh
Ru
Sif Muna
Vehumet
Wu Jian
Xom
Zin
The Shining One

Shops:
D:7 *

Annotations:
D:2 1 runed translucent door, Crazy Yiuf
D:11 Sonja


Message History

The harpy zombie is severely damaged.
The harpy zombie barely misses you.
The harpy zombie claws you but does no damage. x3
You slash the harpy zombie!
You are no longer entranced.
You destroy the harpy zombie!
Your Throwing skill increases to level 4!
A daeva comes into view.
It is wielding a +5 scimitar of holy wrath.
11897 ||| Stepping ~*~*~tactically~*~*~ (stealth).
A chaos spawn comes into view.
11926 ||| Stepping ~*~*~tactically~*~*~ (stealth).
A small abomination comes into view.
Visions of slaying the small abomination flood into your mind.
The small abomination closely misses you.
You barely miss the small abomination.
The small abomination closely misses you.
You slash the small abomination!
The small abomination is almost destroyed.
The small abomination hits you.
A blizzard demon comes into view.
You barely miss the small abomination.
The small abomination is almost destroyed.
The small abomination hits you!
You hit the small abomination.
You are no longer entranced.
You destroy the small abomination!
Visions of slaying the blizzard demon flood into your mind.
The blizzard demon gestures at you. The bolt of lightning hits you. You resist.
You hit the blizzard demon.
The blizzard demon is lightly wounded.
The blizzard demon gestures at you. The freezing blast engulfs you!!
You slash the blizzard demon! Your punch misses the blizzard demon.
The blizzard demon is lightly wounded.
You are engulfed in freezing vapours.
You feel threatened and lose the ability to drink potions!
The blizzard demon hits you but does no damage.
The blizzard demon hits you.
You die...

## . ...##
#..###...# ##
. ....#
.#####.# ##.
## #.### ..#
#.#¤##0.
#.#¤#2# #..0@#
#.#¤0#0......
.....###0..#.#
#.#.... ####
#.#...# #
##.... .### .
#.


You could see a blizzard demon (mesmerising).

Vanquished Creatures
  Urug (D:10)
  A wretched star (Abyss:2)
  A cyclops (D:11)
  Maurice (D:8)
  A harpy zombie (Abyss:2)
  A troll (D:9)
  2 polar bears (D:8)
  Prince Ribbit (D:5)
  A hornet (D:8)
  A wyvern (D:10)
  A vampire (D:9)
  9 yaks
  An unseen horror simulacrum (D:8)
  A wraith (D:11)
  7 fire bats
  A steam dragon (D:7)
  Duvessa (D:7)
  2 acid dragons
  A hell hound (D:10)
  A water moccasin (D:7)
  2 ice beasts (D:8)
  An ogre (D:5)
  4 black bears
  5 centaurs
  A small abomination (Abyss:2)
  A phantom (D:7)
  A gnoll sergeant (D:7)
  2 bullfrogs
  12 wights
  Dowan (D:7)
  6 killer bees (D:8)
  3 howler monkeys
  2 lava snakes (D:10)
  A hound (D:6)
  A gnoll bouda (D:6)
  An orc priest (D:4)
  2 jellies
  5 iguanas
  6 orc wizards
  9 gnolls
  6 adders
  A white imp (D:8)
  A howler monkey simulacrum (D:8)
  2 ufetubi (D:8)
  5 worms
  A dart slug (D:1)
  19 orcs
  2 bats
  3 endoplasms
  3 giant cockroaches
  5 goblins
  6 hobgoblins
  4 jackals
  5 quokkas
  6 ball pythons
  2 frilled lizards
  7 kobolds
  5 rats
  A fire vortex (D:10)
186 creatures vanquished.

Vanquished Creatures (collateral kills)
  A two-headed ogre (D:9)
  A troll (D:9)
  A fire bat (D:10)
  A wraith (D:9)
  2 wyverns
  3 yaks (D:9)
  A steam dragon (D:8)
  A water moccasin (D:6)
  An ice beast (D:8)
  An orc warrior (D:9)
  A bullfrog (D:6)
  A scorpion (D:6)
  A wight (D:10)
  A killer bee (D:8)
  A hound (D:4)
  3 orc priests
  2 orc wizards
  2 gnolls (D:7)
  12 orcs
  An endoplasm (D:4)
  A goblin (D:4)
  A jackal (D:5)
  A fire vortex (D:10)
41 creatures vanquished.

Vanquished Creatures (others)
  A fire vortex (D:10)
  A lurking horror (Abyss:2)
2 creatures vanquished.

Grand Total: 229 creatures vanquished

Notes
Turn   | Place    | Note
-------+----------+-------------------------------------------
     0 | D:5      | qw the Gargoyle Delver began the quest for the Orb.
     0 | D:5      | Reached XP level 1. HP: 14/14 MP: 1/1
     0 | D:5      | 0 ||| qw: Version: 0.1-a-116-g5d60599
     0 | D:5      | 0 ||| qw: Game counter: 9258
     0 | D:5      | 0 ||| qw: Always use a shield: true
     0 | D:5      | 0 ||| qw: God list: Okawaru
     0 | D:5      | 0 ||| qw: Allow faded altars: false
     0 | D:5      | 0 ||| qw: Do Orc after D:15 true
     0 | D:5      | 0 ||| qw: Do second Lair branch before Depths: true
     0 | D:5      | 0 ||| qw: Lair rune preference: random
     0 | D:5      | 0 ||| qw: Plans: Normal
     0 | D:5      | 0 ||| PLANNING D:1-11
     0 | D:5      | 0 ||| DROPPING scroll of fog.
     1 | D:5      | 1 ||| DROPPING scroll of magic mapping.
     2 | D:5      | 2 ||| DROPPING scroll of fear.
    20 | D:3      | Reached skill level 2 in Axes
    20 | D:3      | Reached XP level 2. HP: 17/19 MP: 2/2
    66 | D:3      | Found a shadowy altar of Dithmenos.
   322 | D:3      | 322 ||| Stepping ~*~*~tactically~*~*~ (stealth).
   330 | D:3      | 330 ||| Stepping ~*~*~tactically~*~*~ (stealth).
   339 | D:3      | Reached skill level 3 in Axes
   339 | D:3      | Reached XP level 3. HP: 23/23 MP: 3/3
   408 | D:3      | HP: 5/23 [worm (6)]
   409 | D:3      | HP: 1/23 [worm (5)]
   580 | D:3      | 580 ||| Stepping ~*~*~tactically~*~*~ (stealth).
   756 | D:2      | 756 ||| STAIRDANCE
   850 | D:1      | 850 ||| Stepping ~*~*~tactically~*~*~ (hiding).
   952 | D:1      | 952 ||| Stepping ~*~*~tactically~*~*~ (hiding).
  1054 | D:1      | 1054 ||| Stepping ~*~*~tactically~*~*~ (hiding).
  1156 | D:1      | 1156 ||| Stepping ~*~*~tactically~*~*~ (hiding).
  1258 | D:1      | 1258 ||| Stepping ~*~*~tactically~*~*~ (hiding).
  1360 | D:1      | 1360 ||| Stepping ~*~*~tactically~*~*~ (hiding).
  1628 | D:1      | Found a faded altar of an unknown god.
  1839 | D:1      | 1839 ||| Stepping ~*~*~tactically~*~*~ (stealth).
  1840 | D:1      | 1840 ||| Stepping ~*~*~tactically~*~*~ (stealth).
  1842 | D:1      | 1842 ||| Stepping ~*~*~tactically~*~*~ (stealth).
  2269 | D:1      | 2269 ||| DROPPING +0 club.
  2599 | D:1      | 2599 ||| UPGRADING to +0 cloak.
  2604 | D:1      | 2604 ||| UPGRADING to amulet of the acrobat.
  2609 | D:1      | 2609 ||| UPGRADING to ring of protection from fire.
  2610 | D:1      | 2610 ||| READING scroll labelled KUGUEM ECZI.
  2611 | D:1      | 2611 ||| READING 2 scrolls labelled PEIJYN UDYMUQE.
  2612 | D:1      | 2612 ||| READING scroll labelled ZUFUXT KURHACK.
  2617 | D:1      | 2617 ||| READING scroll labelled XATUYF YDDEZ.
  2617 | D:1      | Identified a scroll of acquirement
  2617 | D:1      | 2617 ||| ACQUIRING amulet of guardian spirit
  2617 | D:1      | Acquired an amulet of guardian spirit
  2678 | D:2      | Reached skill level 1 in Throwing
  2783 | D:2      | 2783 ||| Stepping ~*~*~tactically~*~*~ (stealth).
  2791 | D:2      | Reached XP level 4. HP: 28/28 MP: 4/4
  3051 | D:2      | Found a runed translucent door.
  3052 | D:2      | Noticed Crazy Yiuf
  3181 | D:2      | 3181 ||| READING scroll of acquirement.
  3181 | D:2      | 3181 ||| ACQUIRING +14 obsidian axe {vorpal, Mesm Drain Fly
                  | SInv}
  3181 | D:2      | Acquired the +14 obsidian axe {vorpal, Mesm Drain Fly SInv}
  3181 | D:2      | Found the +14 obsidian axe {vorpal, Mesm Drain Fly SInv}
  3183 | D:2      | 3183 ||| SWAPPING to +14 obsidian axe {vorpal, Mesm Drain
                  | Fly SInv}.
  3184 | D:2      | 3184 ||| DROPPING +0 hand axe.
  3240 | D:2      | 3240 ||| UPGRADING to +0 ring mail.
  3250 | D:2      | 3250 ||| DROPPING +0 leather armour.
  3251 | D:2      | 3251 ||| READING scroll labelled LIDDOMPEIGE.
  3362 | D:3      | 3362 ||| Stepping ~*~*~tactically~*~*~ (stealth).
  3493 | D:3      | Reached skill level 1 in Armour
  3522 | D:3      | 3522 ||| Stepping ~*~*~tactically~*~*~ (stealth).
  3525 | D:3      | 3525 ||| Stepping ~*~*~tactically~*~*~ (stealth).
  3531 | D:3      | Reached skill level 4 in Axes
  3531 | D:3      | Reached XP level 5. HP: 20/32 MP: 5/5
  4137 | D:3      | 4137 ||| UPGRADING to +0 pair of boots.
  4142 | D:3      | 4142 ||| UPGRADING to +0 scale mail.
  4152 | D:3      | 4152 ||| DROPPING +0 ring mail.
  4153 | D:3      | 4153 ||| READING scroll labelled XYPNUS EREKH.
  4154 | D:3      | 4154 ||| READING scroll labelled CETHRAZ JADI.
  4255 | D:3      | 4255 ||| READING 2 scrolls of identify.
  4255 | D:3      | 4255 ||| IDENTIFYING murky amethyst potion
  4434 | D:4      | 4434 ||| Stepping ~*~*~tactically~*~*~ (stealth).
  4687 | D:4      | Found a burning altar of Makhleb.
  4708 | D:4      | Noticed an acid dragon
  4714 | D:4      | Killed an acid dragon
  4715 | D:4      | Reached skill level 5 in Axes
  4715 | D:4      | Reached XP level 6. HP: 37/37 MP: 6/6
  4752 | D:4      | Found a glowing golden altar of the Shining One.
  4772 | D:4      | 4772 ||| READING scroll labelled JOAMUO LOVURY.
  4781 | D:4      | 4781 ||| Stepping ~*~*~tactically~*~*~ (hiding).
  4791 | D:4      | Reached XP level 7. HP: 43/43 MP: 7/7
  4793 | D:4      | 4793 ||| DROPPING +0 whip.
  4812 | D:4      | 4812 ||| Stepping ~*~*~tactically~*~*~ (stealth).
  4857 | D:4      | Reached skill level 6 in Axes
  4861 | D:4      | 4861 ||| READING 2 scrolls of identify.
  4861 | D:4      | 4861 ||| IDENTIFYING sedimented blue potion
  4874 | D:4      | 4874 ||| Stepping ~*~*~tactically~*~*~ (hiding).
  4875 | D:4      | 4875 ||| Stepping ~*~*~tactically~*~*~ (hiding).
  4876 | D:4      | 4876 ||| Stepping ~*~*~tactically~*~*~ (hiding).
  4878 | D:4      | 4878 ||| Stepping ~*~*~tactically~*~*~ (hiding).
  5725 | D:4      | 5725 ||| READING scroll labelled QEJAODU OMNYLA.
  5726 | D:4      | 5726 ||| READING 4 scrolls of identify.
  5726 | D:4      | 5726 ||| IDENTIFYING smoky white potion
  5727 | D:4      | 5727 ||| READING 3 scrolls of identify.
  5727 | D:4      | 5727 ||| IDENTIFYING white potion
  5728 | D:4      | 5728 ||| READING 2 scrolls of identify.
  5728 | D:4      | 5728 ||| IDENTIFYING fuming cyan potion
  5729 | D:4      | 5729 ||| DROPPING potion of flight.
  5730 | D:4      | 5730 ||| DROPPING potion of magic.
  5731 | D:4      | 5731 ||| DROPPING potion of lignification.
  5732 | D:4      | 5732 ||| DROPPING potion of berserk rage.
  5811 | D:5      | Reached skill level 7 in Axes
  5811 | D:5      | Noticed an orange demon
  6049 | D:5      | Noticed Prince Ribbit
  6064 | D:5      | Killed Prince Ribbit
  6065 | D:5      | Reached XP level 8. HP: 50/50 MP: 8/8
  6123 | D:5      | Found an ancient bone altar of Kikubaaqudgha.
  6368 | D:5      | Reached skill level 3 in Armour
  6538 | D:5      | 6538 ||| DROPPING +3 leather armour.
  6602 | D:6      | 6602 ||| Stepping ~*~*~tactically~*~*~ (hiding).
  6611 | D:6      | Noticed a wyvern
  6613 | D:6      | Killed a wyvern
  6614 | D:6      | Reached skill level 8 in Axes
  6635 | D:6      | Reached skill level 6 in Fighting
  6768 | D:6      | Reached XP level 9. HP: 50/55 MP: 9/9
  6856 | D:6      | Reached skill level 9 in Axes
  6856 | D:6      | 6856 ||| Stepping ~*~*~tactically~*~*~ (stealth).
  6858 | D:6      | 6858 ||| Stepping ~*~*~tactically~*~*~ (stealth).
  6872 | D:6      | 6872 ||| DROPPING +0 flail.
  7033 | D:6      | 7033 ||| UPGRADING to +0 chain mail.
  7043 | D:6      | 7043 ||| DROPPING +0 scale mail.
  7044 | D:6      | 7044 ||| DROPPING ring of magical power.
  7085 | D:7      | Found Naisuh's General Store.
  7090 | D:7      | 7090 ||| BUYING potion of heal wounds (75 gold).
  7090 | D:7      | Bought a potion of heal wounds for 75 gold pieces
  7090 | D:7      | 7090 ||| SHOPLISTING potion of resistance (150 gold, have
                  | 142).
  7090 | D:7      | 7090 ||| BUYING scroll of identify (30 gold).
  7090 | D:7      | Bought a scroll of identify for 30 gold pieces
  7090 | D:7      | 7090 ||| BUYING scroll of identify (30 gold).
  7090 | D:7      | Bought a scroll of identify for 30 gold pieces
  7090 | D:7      | 7090 ||| BUYING scroll of identify (30 gold).
  7090 | D:7      | Bought a scroll of identify for 30 gold pieces
  7100 | D:7      | Noticed Duvessa
  7101 | D:7      | 7101 ||| Stepping ~*~*~tactically~*~*~ (stealth).
  7108 | D:7      | Noticed Dowan
  7109 | D:7      | 7109 ||| Stepping ~*~*~tactically~*~*~ (stealth).
  7110 | D:7      | 7110 ||| Stepping ~*~*~tactically~*~*~ (stealth).
  7119 | D:7      | 7119 ||| Stepping ~*~*~tactically~*~*~ (stealth).
  7124 | D:7      | Killed Dowan
  7126 | D:7      | Killed Duvessa
  7131 | D:7      | 7131 ||| FLEEEEING.
  7132 | D:7      | 7132 ||| FLEEEEING.
  7133 | D:7      | 7133 ||| FLEEEEING.
  7174 | D:7      | 7174 ||| Stepping ~*~*~tactically~*~*~ (hiding).
  7177 | D:7      | 7177 ||| Stepping ~*~*~tactically~*~*~ (hiding).
  7258 | D:7      | Found a white marble altar of Elyvilon.
  7279 | D:7      | Found a staircase to the Ecumenical Temple.
  7309 | D:7      | Found a sacrificial altar of Ru.
  7419 | D:7      | 7419 ||| Stepping ~*~*~tactically~*~*~ (hiding).
  7420 | D:7      | 7420 ||| Stepping ~*~*~tactically~*~*~ (hiding).
  8131 | D:7      | 8131 ||| UPGRADING to ring of resist corrosion.
  8132 | D:7      | 8132 ||| READING 6 scrolls of identify.
  8132 | D:7      | 8132 ||| IDENTIFYING bubbling red potion
  8133 | D:7      | 8133 ||| READING 5 scrolls of identify.
  8133 | D:7      | 8133 ||| IDENTIFYING smoky grey potion
  8134 | D:7      | 8134 ||| READING 4 scrolls of identify.
  8134 | D:7      | 8134 ||| IDENTIFYING gluggy blue potion
  8135 | D:7      | 8135 ||| READING 3 scrolls of identify.
  8135 | D:7      | 8135 ||| IDENTIFYING pink potion
  8136 | D:7      | 8136 ||| DROPPING potion of brilliance.
  8137 | D:7      | 8137 ||| DROPPING potion of invisibility.
  8138 | D:7      | 8138 ||| DROPPING potion of attraction.
  8178 | D:8      | 8178 ||| Stepping ~*~*~tactically~*~*~ (stealth).
  8380 | D:8      | Noticed a polar bear
  8385 | D:8      | Killed a polar bear
  8386 | D:8      | Reached skill level 10 in Axes
  8390 | D:8      | Reached XP level 10. HP: 63/63 MP: 10/10
  8533 | D:8      | Reached skill level 6 in Armour
  8793 | D:8      | Noticed a smoke demon
  9274 | D:8      | Reached skill level 11 in Axes
  9404 | D:8      | Noticed Maurice
  9405 | D:8      | 9405 ||| Stepping ~*~*~tactically~*~*~ (hiding).
  9411 | D:8      | Killed Maurice
  9513 | D:8      | 9513 ||| Stepping ~*~*~tactically~*~*~ (hiding).
  9518 | D:8      | Reached skill level 9 in Fighting
  9619 | D:8      | 9619 ||| READING scroll labelled SUQAAHUADI.
  9620 | D:8      | 9620 ||| READING 2 scrolls of identify.
  9620 | D:8      | 9620 ||| IDENTIFYING fuming white potion
  9778 | D:9      | Gained mutation: Your flesh is cold resistant. (rC+) [a
                  | neqoxec]
  9784 | D:9      | Gained mutation: You occasionally lose the ability to read
                  | scrolls when taking damage. [a neqoxec]
  9863 | D:9      | 9863 ||| DRINKING potion of mutation.
  9863 | D:9      | Lost mutation: You occasionally lose the ability to read
                  | scrolls when taking damage. [potion of mutation]
  9863 | D:9      | Lost mutation: Your flesh is cold resistant. (rC+) [potion
                  | of mutation]
  9863 | D:9      | Gained mutation: You are dopey. (Int -2) [potion of
                  | mutation]
  9865 | D:9      | 9865 ||| Stepping ~*~*~tactically~*~*~ (hiding).
 10015 | D:9      | Noticed a two-headed ogre
 10018 | D:9      | Killed a two-headed ogre
 10019 | D:9      | Reached XP level 11. HP: 58/71 MP: 11/11
 10019 | D:9      | 10019 ||| FLEEEEING.
 10022 | D:9      | 10022 ||| FLEEEEING.
 10029 | D:9      | Reached skill level 12 in Axes
 10029 | D:9      | 10029 ||| FLEEEEING.
 10096 | D:9      | 10096 ||| Stepping ~*~*~tactically~*~*~ (hiding).
 10394 | D:9      | 10394 ||| DRINKING 2 potions of curing.
 10394 | D:9      | 10394 ||| (to cure confusion)
 10505 | D:9      | Found a snail-covered altar of Cheibriados.
 10587 | D:10     | Entered Level 10 of the Dungeon
 10587 | D:10     | Found a staircase to the Lair.
 10599 | D:10     | 10599 ||| STAIRDANCE
 10743 | D:10     | 10743 ||| Stepping ~*~*~tactically~*~*~ (stealth).
 10745 | D:10     | 10745 ||| Stepping ~*~*~tactically~*~*~ (stealth).
 10798 | D:10     | Found a shimmering blue altar of Sif Muna.
 11157 | D:10     | Found a staircase to the Orcish Mines.
 11230 | D:10     | Found an opulent altar of Gozag.
 11231 | D:10     | Found a glowing silver altar of Zin.
 11265 | D:10     | Found a sparkling altar of Nemelex Xobeh.
 11267 | D:10     | Found a radiant altar of Vehumet.
 11301 | D:10     | Noticed Urug
 11314 | D:10     | Killed Urug
 11485 | D:10     | Found a shimmering altar of Xom.
 11485 | D:10     | Found an ornate altar of the Wu Jian Council.
 11492 | D:10     | 11492 ||| UPGRADING to +3 chain mail of positive energy.
 11502 | D:10     | 11502 ||| DROPPING +0 chain mail.
 11503 | D:10     | 11503 ||| UPGRADING to +6 ring of dexterity.
 11505 | D:10     | 11505 ||| READING scroll labelled TOFAACZESI.
 11506 | D:10     | 11506 ||| READING scroll labelled DECACUISKI.
 11629 | D:11     | Noticed a cyclops
 11637 | D:11     | Killed a cyclops
 11638 | D:11     | Reached skill level 3 in Dodging
 11663 | D:11     | Noticed Sonja
 11664 | D:11     | 11664 ||| Stepping ~*~*~tactically~*~*~ (hiding).
 11666 | Abyss:2  | Cast into level 2 of the Abyss (Sonja)
 11675 | Abyss:2  | Noticed a wretched star
 11676 | Abyss:2  | 11676 ||| Stepping ~*~*~tactically~*~*~ (stealth).
 11677 | Abyss:2  | 11677 ||| Stepping ~*~*~tactically~*~*~ (stealth).
 11678 | Abyss:2  | 11678 ||| Stepping ~*~*~tactically~*~*~ (stealth).
 11698 | Abyss:2  | HP: 11/50 [wretched star/lance of force (8)]
 11699 | Abyss:2  | 11699 ||| READING 3 scrolls of teleportation.
 11703 | Abyss:2  | Killed a wretched star
 11704 | Abyss:2  | Reached skill level 3 in Throwing
 11799 | Abyss:2  | 11799 ||| Stepping ~*~*~tactically~*~*~ (stealth).
 11825 | Abyss:2  | Reached skill level 13 in Axes
 11896 | Abyss:2  | Noticed a daeva
 11897 | Abyss:2  | 11897 ||| Stepping ~*~*~tactically~*~*~ (stealth).
 11926 | Abyss:2  | 11926 ||| Stepping ~*~*~tactically~*~*~ (stealth).
 11975 | Abyss:2  | Noticed a blizzard demon
 11980 | Abyss:2  | HP: 5/57 [blizzard demon] (14)]
 11980 | Abyss:2  | Slain by a blizzard demon

Levels and vault maps discovered:
D:1:      dpeg_arrival_circle_labyrinth_c, layout_basic,
          shapermc_ecumenical_altar_rom_forum, minmay_misc_feat_square
D:2:      layout_rooms, patterned_corridor, uniq_crazy_yiuf_cottage
D:3:      layout_basic, grunt_dithmenos_smoke_and_mirrors, nicolae_hexahallways,
          chequers_serial_rivers_small_a, minmay_misc_feat_alley,
          hangedman_feature_mirror, grunt_ministairs_3, item_on_display_a
D:4:      layout_layer_cave, tso_metal_star, overflow_temple_1_default
D:5:      layout_loops_cross, mainiacjoe_overflow_alcove_2,
          amcnicky_mini_pool_medium, uniq_prince_ribbit1
D:6:      layout_rooms, minmay_manual_mail
D:7:      layout_cave_pods, lemuel_crystal_altar, mainiacjoe_overflow_alcove_1,
          minmay_temple_entry_glassed_door, serial_shops, nicolae_shop_crystal,
          uniq_duvessa
D:8:      layout_loops_corners, serial_ice, serial_ice_o, serial_ice_l,
          serial_ice_h, serial_ice_b, uniq_maurice
D:9:      layout_long_grid, slow_altar_2
D:10:     layout_cross, minitemple, lemuel_coloured_pillars_altar,
          nicolae_overflow_hidden_temple, david_lair_generic,
          chequers_decorated_corner, moated_statue, hangedman_incinerator,
          uniq_urug
D:11:     layout_loops_corners, uniq_psyche, uniq_sonja, uniq_gastronok
Abyss:2:  base: D:5, kilobyte_mutagenic_chamber

Skill      XL: |  1  2  3  4  5  6  7  8  9 10 11 |
---------------+----------------------------------+-----
Axes           | 2 3 4 5 7 8 10 11 13 | 13.0
Throwing       | 1 2 4 |  4.1
Armour         | 1 2 3 5 6 7 |  7.4
Fighting       | 4 5 6 7 9 10 | 10.0
Dodging        | 2 3 |  3.0
Stealth        | |  5.4

Action                   |  1- 3 |  4- 6 |  7- 9 | 10-12 || total
-------------------------+-------+-------+-------+-------++-------
Melee: Hand axe          |    70 |     1 |       |       ||    71
       Broad axe         |       |    37 |   102 |   157 ||   296
       Punch             |       |     1 |       |     3 ||     4
Throw: Javelin           |    25 |    42 |    25 |     7 ||    99
       Boomerang         |       |       |       |     4 ||     4
  Use: Scroll            |     4 |     6 |     9 |     5 ||    24
       Potion            |       |       |       |     2 ||     2
 Stab: Sleeping          |     2 |       |       |       ||     2
       Distracted        |       |       |     2 |     1 ||     3
Armor: Leather armour    |    19 |       |       |       ||    19
       Ring mail         |       |     3 |       |       ||     3
       Scale mail        |       |    10 |    15 |       ||    25
       Chain mail        |       |       |    19 |   130 ||   149
Dodge: Dodged            |    29 |    22 |    58 |    88 ||   197

Table legend:
 A = Non-vault XP
 B = Vault XP
 C = Vault XP percentage of total XP
 D = Non-vault monster count
 E = Vault monster count
 F = Vault count percentage of total count
                 A         B        C        D         E       F
            +---------+---------+-------+---------+---------+-------
      Total |   12179 |    5461 |  31.0 |     184 |      41 |  18.2
            +---------+---------+-------+---------+---------+-------
        D:1 |      33 |       0 |   0.0 |      19 |       0 |   0.0
        D:2 |      22 |       0 |   0.0 |       6 |       0 |   0.0
        D:3 |      81 |      47 |  36.7 |      20 |       4 |  16.7
        D:4 |     574 |       0 |   0.0 |      30 |       0 |   0.0
        D:5 |     230 |     418 |  64.5 |       7 |       5 |  41.7
        D:6 |    1092 |     375 |  25.6 |      25 |       5 |  16.7
        D:7 |    1004 |     222 |  18.1 |      19 |       2 |   9.5
        D:8 |    2157 |    1864 |  46.4 |      20 |      12 |  37.5
        D:9 |    3589 |       5 |   0.1 |      21 |       1 |   4.5
       D:10 |     694 |    2530 |  78.5 |       8 |      12 |  60.0
       D:11 |     728 |       0 |   0.0 |       2 |       0 |   0.0
    Abyss:2 |    1975 |       0 |   0.0 |       7 |       0 |   0.0
            +---------+---------+-------+---------+---------+-------
